[Event "Early-Titled-Tuesday-Blitz-October-24-2023"]
[Site "Chess.com"]
[Date "2023.10.24"]
[Round "7"]
[White "SnekkerAndersen"]
[Black "Nbk90"]
[Result "0-1"]
[WhiteElo "2496"]
[BlackElo "2224"]
[TimeControl "180+1"]
[EndTime "9:14:07 PDT"]
[Termination "Nbk90 won by resignation"]

1. d4 Nf6 2. Nf3 g6 3. e3 Bg7 4. c4 O-O 5. Be2 d6 6. O-O Nbd7 7. b3 e5 8. Bb2 Qe7 9. Nc3 c6 10. d5 c5 11. Qc2 Nh5 12. Nd2 f5 13. a3 e4 14. b4 b6 15. Nb5 Bxb2 16. Qxb2 Ne5 17. f4 exf3 18. Bxf3 Nf6 19. e4 f4 20. bxc5 bxc5 21.
Qc2 g5 22. Be2 Nfg4 23. Bxg4 Nxg4 24. Qd3 Bd7 25. Nc3 Ne5 26. Qe2 g4 27. Kh1 Rf7 28.
Rab1 Raf8 29. Rb7 Qh4 30. Qf2 g3 31. Qg1 Bg4 32. Nf3 Bxf3 33. gxf3 Rxb7 34. Ne2 Qxh2+ 35. Qxh2 gxh2 36. Rf2 Rg7 37. Kxh2 Rf6 38. Ng1 Rh6+ 39. Nh3 Rg3 40. Rg2 Rxh3+ 41. Kg1 Nxf3+ 0-1

[Event "Early-Titled-Tuesday-Blitz-October-24-2023"]
[Site "Chess.com"]
[Date "2023.10.24"]
[Round "7"]
[White "Harry_Rakkel"]
[Black "rdarruda"]
[Result "1-0"]
[WhiteElo "2709"]
[BlackElo "2536"]
[TimeControl "180+1"]
[EndTime "9:14:08 PDT"]
[Termination "Harry_Rakkel won by resignation"]

1. e4 c5 2. Nf3 Nc6 3. d4 cxd4 4. Nxd4 e5 5. Nb5 a6 6. Nd6+ Bxd6 7. Qxd6 Qe7 8. Qd1 Nf6 9. Nc3 d6 10. Bg5 Be6 11.
Bxf6 Qxf6 12. Qxd6 Rd8 13. Qc5 Qg5 14. Qe3 Qxe3+ 15.
fxe3 Nb4 16. Rc1 Bxa2 17. b3 O-O 18. Bc4 Rc8 19. Nd5 Nxd5 20. Bxd5 Rc7 21. O-O Rfc8 22. Rf2 a5 23. Ra1 Rxc2 24. Rxa2 Rxa2 25. Rxa2 b6 26. Rf2 Rc7 27. Rf5 Re7 28. Kf2 Kf8 29. Ke2 f6 30.
Rf1 Rc7 31. Kd2 Ke7 32. Rc1 Rxc1 33. Kxc1 Kd6 34. Kc2 Kc5 35. Kc3 b5 36. g4 h6 37. h4 g5 38. h5 Kd6 39. Bf7 Kc5 40. b4+ Kb6 41. bxa5+ Kxa5 42. Kb3 b4 43. Be8 1-0

[Event "Early-Titled-Tuesday-Blitz-October-24-2023"]
[Site "Chess.com"]
[Date "2023.10.24"]
[Round "7"]
[White "Barmen_EV"]
[Black "ozates"]
[Result "0-1"]
[WhiteElo "2498"]
[BlackElo "2725"]
[TimeControl "180+1"]
[EndTime "9:14:09 PDT"]
[Termination "ozates won on time"]

1. e4 c5 2. c3 e5 3. Nf3 Nc6 4.
Bc4 g6 5. O-O Bg7 6. d3 Nge7 7.
Re1 O-O 8. Nbd2 d6 9. Nf1 h6 10. Ne3 Kh7 11. Nd5 f5 12. exf5 gxf5 13. Ng5+ Kg6 14.
Nf3 Nxd5 15. Bxd5 Ne7 16. Bb3 f4 17. d4 cxd4 18. cxd4 Bg4 19. Nxe5+ dxe5 20. Qxg4+ Kh7 21. dxe5 Nc6 22. Bc2+ Kg8 23. Qg6 Qg5 24. Qh7+ Kf7 25. Bb3+ Ke7 26. Qe4 Rad8 27. e6 Rd4 28. Qc2 Qh5 29.
Ba4 f3 30. Bxc6 bxc6 31. b3 Qg4 32. Ba3+ Kf6 0-1

[Event "Early-Titled-Tuesday-Blitz-October-24-2023"]
[Site "Chess.com"]
[Date "2023.10.24"]
[Round "7"]
[White "whiteglovethief"]
[Black "El_Matador12"]
[Result "1-0"]
[WhiteElo "2448"]
[BlackElo "2561"]
[TimeControl "180+1"]
[EndTime "9:14:11 PDT"]
[Termination "whiteglovethief won by resignation"]

1. d4 Nf6 2. c4 g6 3. Nc3 d5 4. cxd5 Nxd5 5. g3 Bg7 6. Bg2 Nxc3 7. bxc3 O-O 8. e3 e5 9. Ne2 exd4 10. cxd4 c5 11.
Bb2 Nc6 12. O-O Bg4 13. Ba3 cxd4 14. Bxf8 d3 15. Bxg7 Bxe2 16. Qd2 Bxf1 17. Rxf1 Kxg7 18. Qb2+ Kg8 19. Qxb7 d2 20. Rd1 Rc8 21. Bxc6 Rc7 22. Rxd2 Qe7 23. Qb8+ Kg7 24. Qb2+ Kh6 25. Bf3 Qc5 26.
Kg2 Qf5 27. Rd5 Qe6 28. Rd4 g5 29. h4 f6 30. hxg5+ fxg5 31. Qd2 Rf7 32. Rd6 1-0

[Event "Early-Titled-Tuesday-Blitz-October-24-2023"]
[Site "Chess.com"]
[Date "2023.10.24"]
[Round "7"]
[White "sergeikim"]
[Black "eljanov"]
[Result "0-1"]
[WhiteElo "2597"]
[BlackElo "2812"]
[TimeControl "180+1"]
[EndTime "9:14:12 PDT"]
[Termination "eljanov won on time"]

1. d4 d5 2. c4 e6 3. Nc3 Nf6 4. Nf3 Nbd7 5. Bf4 Bb4 6. e3 c5 7.
Bd3 cxd4 8. exd4 dxc4 9. Bxc4 O-O 10. O-O b6 11. Rc1 Bb7 12. Qe2 Bxc3 13. bxc3 Rc8 14. Bd3 Nd5 15. Bd2 Qc7 16. Qe4 N7f6 17. Qh4 Ne7 18.
Ne5 Ng6 19. Nxg6 hxg6 20. Rfe1 Qc6 21. f3 Qa4 22. Bg5 Nh7 23. Be3 Qxa2 24. Qe7 Bd5 25. Rc2 Qb3 26. Rec1 a5 27. Qh4 Bc4 28. Be4 f5 0-1

[Event "Early-Titled-Tuesday-Blitz-October-24-2023"]
[Site "Chess.com"]
[Date "2023.10.24"]
[Round "7"]
[White "knightinshiningarmour16"]
[Black "Ginzburg_Yakov"]
[Result "0-1"]
[WhiteElo "2179"]
[BlackElo "2596"]
[TimeControl "180+1"]
[EndTime "9:14:14 PDT"]
[Termination "Ginzburg_Yakov won by resignation"]

1. d4 d5 2. Nf3 Nf6 3. c4 c6 4.
cxd5 cxd5 5. Nc3 Nc6 6. Bg5 Ne4 7. Bf4 Bf5 8. e3 e6 9. Bd3 Bb4 10. Bxe4 Bxe4 11. O-O Bg6 12. a3 Bxc3 13. bxc3 O-O 14. Qa4 Qa5 15. Qb3 Qa6 16. Rfc1 Rac8 17. Bd6 Rfd8 18.
Bb4 Bd3 19. Nd2 b6 20. c4 dxc4 21. Nxc4 Nxb4 22. Ne5 Nc2 23. Ra2 Nxd4 24. Rxc8 Rxc8 25.
Qxd3 Rc1+ 0-1

[Event "Early-Titled-Tuesday-Blitz-October-24-2023"]
[Site "Chess.com"]
[Date "2023.10.24"]
[Round "7"]
[White "falzehope0"]
[Black "Shivananda1964"]
[Result "1-0"]
[WhiteElo "2336"]
[BlackElo "2388"]
[TimeControl "180+1"]
[EndTime "9:14:14 PDT"]
[Termination "falzehope0 won on time"]

1. d4 Nf6 2. e3 g6 3. Bd3 Bg7 4. f4 d6 5. Nf3 O-O 6. O-O c5 7.
c3 Nc6 8. Bc2 Re8 9. d5 Na5 10.
e4 e6 11. Na3 exd5 12. exd5 c4 13. f5 Qb6+ 14. Nd4 Nxd5 15. fxg6 fxg6 16. Kh1 Nf6 17. b4 cxb3 18. axb3 Nc6 19. Nab5 Nxd4 20. Nxd4 Bg4 21. Qd2 Rac8 22. Ba3 Ne4 23. Bxe4 Rxe4 24. Rf4 Rce8 25. Qf2 Bxd4 26. cxd4 Qxb3 27. Bxd6 Bf5 28.
Be5 Qd5 29. Rf1 a6 30. Rxf5 gxf5 31. Qxf5 Qe6 32. Qxe4 b5 33. Qf3 b4 34. Qb7 1-0

[Event "Early-Titled-Tuesday-Blitz-October-24-2023"]
[Site "Chess.com"]
[Date "2023.10.24"]
[Round "7"]
[White "angryspacevoid"]
[Black "Mariia89"]
[Result "1-0"]
[WhiteElo "2517"]
[BlackElo "2157"]
[TimeControl "180+1"]
[EndTime "9:14:16 PDT"]
[Termination "angryspacevoid won by resignation"]

1. e4 c6 2. d4 d5 3. Nc3 dxe4 4.
Nxe4 Nf6 5. Nxf6+ exf6 6. c3 Be7 7. Bd3 Na6 8. Qh5 Be6 9. Ne2 Nc7 10. Nf4 h6 11. O-O Qd7 12. Nxe6 Qxe6 13. Bd2 g6 14. Qa5 b6 15. Qa4 h5 16. Rfe1 Qd7 17. Be4 b5 18.
Qb3 O-O 19. Bxg6 Nd5 20. Bxh5 Qf5 21. Bf3 Bd6 22. Re4 Rfe8 23. Rae1 Rxe4 24. Rxe4 Kg7 25.
Qc2 Bf4 26. Bxf4 Nxf4 27. Qd2 Ng6 28. h4 Rh8 29. h5 Ne7 30. Rxe7 Qb1+ 31. Re1 Qxa2 32.
Qf4 1-0

[Event "Early-Titled-Tuesday-Blitz-October-24-2023"]
[Site "Chess.com"]
[Date "2023.10.24"]
[Round "7"]
[White "wanyaland"]
[Black "cristiano78"]
[Result "1-0"]
[WhiteElo "2452"]
[BlackElo "2257"]
[TimeControl "180+1"]
[EndTime "9:14:16 PDT"]
[Termination "wanyaland won on time"]

1. d4 Nf6 2. c4 g6 3. Nc3 Bg7 4. e4 d6 5. f3 O-O 6. Nge2 Nc6 7. Be3 a6 8. Rc1 Bd7 9. h4 b5 10. h5 Nxh5 11. g4 Nf6 12. Ng3 e5 13. d5 Nd4 14.
g5 Ne8 15. Bg2 bxc4 16. Nce2 Nxe2 17. Qxe2 Rb8 18. Rc2 Ba4 19. Rd2 Bb5 20. Qf2 f5 21. gxf6 Nxf6 22. Qg1 h5 23. Qh2 Nh7 24. Nxh5 gxh5 25.
Qxh5 Nf6 26. Qh4 Kf7 27. Bh3 Rh8 28. Qg3 Bd7 29. Be6+ Bxe6 30. dxe6+ Kxe6 31. Rdh2 Rxh2 32. Rxh2 Qe7 33. Qh3+ 1-0

[Event "Early-Titled-Tuesday-Blitz-October-24-2023"]
[Site "Chess.com"]
[Date "2023.10.24"]
[Round "7"]
[White "Xqswdc"]
[Black "abelmat"]
[Result "1-0"]
[WhiteElo "2339"]
[BlackElo "2006"]
[TimeControl "180+1"]
[EndTime "9:14:18 PDT"]
[Termination "Xqswdc won on time"]

1. e4 e6 2. d3 d5 3. Nd2 Nf6 4. Ngf3 Nc6 5. g3 dxe4 6. dxe4 e5 7. Bg2 Bc5 8. O-O O-O 9. h3 a5 10. Qe2 b6 11. Rd1 Ba6 12. Qe1 Qe7 13. Nb3 Rad8 14.
Nxc5 Qxc5 15. Be3 Qb4 16. Qxb4 Nxb4 17. Nxe5 Nxc2 18. Rac1 Nxe3 19. fxe3 c5 20. Nc6 Rde8 21. e5 Nh5 22. g4 Ng3 23. Kf2 Ne2 24. Rc2 f6 25. e6 Rxe6 26. Bd5 Re8 27. Nd8 Bc8 28. Rxe2 1-0

[Event "Early-Titled-Tuesday-Blitz-October-24-2023"]
[Site "Chess.com"]
[Date "2023.10.24"]
[Round "7"]
[White "djokovic74"]
[Black "Mikhail_Golubev"]
[Result "0-1"]
[WhiteElo "2692"]
[BlackElo "2549"]
[TimeControl "180+1"]
[EndTime "9:14:20 PDT"]
[Termination "Mikhail_Golubev won by resignation"]

1. e4 c5 2. Nf3 Nc6 3. d4 cxd4 4. Nxd4 Nf6 5. Nc3 d6 6. Be2 g6 7. Be3 Bg7 8. Qd2 O-O 9. O-O-O Ng4 10. Bxg4 Bxg4 11. f3 Be6 12. Kb1 Qa5 13. h4 Rfc8 14. h5 Nxd4 15. Bxd4 Rxc3 16. Qxc3 Qxa2+ 17. Kc1 Bh6+ 18.
Be3 Rc8 19. Qxc8+ Bxc8 20. Bxh6 g5 21. b3 Qa1+ 22. Kd2 Qf6 23. Ra1 a6 24. e5 dxe5 25.
Ke2 Qxh6 26. Rad1 Be6 27. Rd8+ Kg7 28. g4 e4 29. Kf2 exf3 30. Kg3 f5 31. gxf5 Bxf5 32.
Re1 Qxh5 33. Rxe7+ Kf6 34. Rc7 Qh3+ 35. Kf2 Qg2+ 36.
Ke3 Qe2+ 37. Kd4 Qe5+ 38. Kc4 Qxc7+ 39. Kb4 a5+ 40. Ka3 Qe7+ 41. Ka2 Qxd8 0-1

[Event "Early-Titled-Tuesday-Blitz-October-24-2023"]
[Site "Chess.com"]
[Date "2023.10.24"]
[Round "7"]
[White "viktorgen2021"]
[Black "Keeper0416"]
[Result "1/2-1/2"]
[WhiteElo "2438"]
[BlackElo "2579"]
[TimeControl "180+1"]
[EndTime "9:14:20 PDT"]
[Termination "Game drawn by agreement"]

1. Nf3 g6 2. c4 Bg7 3. g3 Nf6 4. Bg2 O-O 5. O-O c5 6. Nc3 Nc6 7. Rb1 d5 8. cxd5 Nxd5 9. a3 Bf5 10. Ra1 Nxc3 11. bxc3 Qd7 12. a4 Rfd8 13. Qb3 Be6 14. Qc2 Rac8 15. Rd1 Bh3 16. Bh1 c4 17. Ba3 Bf5 18.
Qb2 Be4 19. Ng5 Bxh1 20. Kxh1 Qf5 21. Nf3 b6 22. Qb5 Qe4 23. Re1 Rd5 24. Qb1 Qxb1 25. Rexb1 Na5 26. Rb5 Rcd8 27. Bxe7 Rxb5 28. axb5 Re8 29.
Bb4 Rxe2 30. Kg2 Bf8 31. Bxa5 bxa5 32. Rxa5 Bc5 33. Nd4 Rxd2 34. Ra4 Bxd4 35. cxd4 c3 36. Rxa7 Rxd4 37. Rc7 Rb4 38. Rxc3 Rxb5 39. h4 h5 1/2-1/2

[Event "Early-Titled-Tuesday-Blitz-October-24-2023"]
[Site "Chess.com"]
[Date "2023.10.24"]
[Round "7"]
[White "Noki102"]
[Black "matenitian"]
[Result "1/2-1/2"]
[WhiteElo "2427"]
[BlackElo "2578"]
[TimeControl "180+1"]
[EndTime "9:14:21 PDT"]
[Termination "Game drawn by repetition"]

1. d4 Nf6 2. Nc3 d5 3. Bf4 a6 4. e3 Bf5 5. Nf3 h6 6. Ne5 e6 7.
f3 Bd6 8. g4 Bh7 9. h4 Nbd7 10.
g5 Nh5 11. gxh6 gxh6 12. Bxh6 Ng3 13. Rg1 Qxh4 14. Bf4 Ne4+ 15. Bg3 Nxg3 16. Kd2 Nxf1+ 17. Qxf1 Bxe5 18. dxe5 Nxe5 19. Rd1 Nc4+ 20. Kc1 Nxe3 21. Qe1 Qxe1 22. Rdxe1 Nxc2 23. Re5 Nb4 24. Rh5 Nd3+ 25. Kd2 Nf4 26. Rh4 Ng6 27. Rh2 Ke7 28. Rgh1 Nf8 29. f4 Rg8 30. Re1 Rd8 31. Rh5 Bg6 32. Rxd5 Rxd5+ 33.
Nxd5+ Kd6 34. Nf6 Rh8 35. Ke3 Rh3+ 36. Kf2 Rh2+ 37. Kg3 Rxb2 38. Rd1+ Ke7 39. Ng8+ Ke8 40. Nf6+ Ke7 41. Ng8+ Ke8 42. Nf6+ Ke7 1/2-1/2

[Event "Early-Titled-Tuesday-Blitz-October-24-2023"]
[Site "Chess.com"]
[Date "2023.10.24"]
[Round "7"]
[White "LeoLV10"]
[Black "publicaccountcze"]
[Result "1-0"]
[WhiteElo "2559"]
[BlackElo "2312"]
[TimeControl "180+1"]
[EndTime "9:14:21 PDT"]
[Termination "LeoLV10 won on time"]

1. e4 e6 2. d4 d5 3. e5 c5 4. c3 Nc6 5. Nf3 Qb6 6. a3 Nh6 7.
Bd3 Bd7 8. O-O cxd4 9. Re1 dxc3 10. Nxc3 Be7 11. Rb1 Ng4 12. Qe2 h5 13. h3 Nh6 14. Rd1 g6 15. b4 Nf5 16. Bb2 Rc8 17. Nxd5 exd5 18. e6 fxe6 19. Bxh8 Kf7 20. Ne5+ Nxe5 21.
Bxe5 Bf6 22. Bxf5 exf5 23. Rxd5 Be6 24. Rd6 Rc6 25. Bd4 Bxd4 26. Qxe6+ Kf8 27. Rxc6 Qxc6 28. Qxc6 bxc6 29. Rd1 c5 30. bxc5 Bxc5 31. a4 a5 32. Rd5 Bb4 33. Rb5 Ke7 34. Kf1 1-0

[Event "Early-Titled-Tuesday-Blitz-October-24-2023"]
[Site "Chess.com"]
[Date "2023.10.24"]
[Round "7"]
[White "Jojo_898"]
[Black "guillembaches"]
[Result "0-1"]
[WhiteElo "2350"]
[BlackElo "2490"]
[TimeControl "180+1"]
[EndTime "9:14:22 PDT"]
[Termination "guillembaches won by resignation"]

1. e4 d5 2. exd5 Qxd5 3. Nc3 Qa5 4. d4 Nf6 5. Nf3 Bf5 6. Bd3 e6 7. O-O Bb4 8. Bxf5 Qxf5 9. Ne2 Nc6 10. a3 Bd6 11. c4 O-O 12. Ng3 Bxg3 13. fxg3 Rad8 14. Qe2 Qe4 15. Qxe4 Nxe4 16. Be3 f6 17. Rad1 a5 18. Rfe1 Nd6 19. c5 Nf5 20. Bf4 Rf7 21. Rxe6 Nfxd4 22. Ree1 Rfd7 23. Kf2 Kf7 24. Nxd4 Nxd4 25. Rd3 Ne6 26.
Rb3 Nxc5 27. Rc3 Nd3+ 28. Rxd3 Rxd3 29. Bxc7 R8d5 30. b4 a4 31. Bb6 Rxa3 32. Bc5 Rd7 33. Re2 Rad3 34. b5 0-1

[Event "Early-Titled-Tuesday-Blitz-October-24-2023"]
[Site "Chess.com"]
[Date "2023.10.24"]
[Round "7"]
[White "Lady_Nika"]
[Black "RCone"]
[Result "0-1"]
[WhiteElo "2474"]
[BlackElo "2437"]
[TimeControl "180+1"]
[EndTime "9:14:22 PDT"]
[Termination "RCone won by checkmate"]

1. g4 d5 2. h3 g6 3. Bg2 Bg7 4. d4 Nc6 5. c3 Nf6 6. Nf3 O-O 7.
Bf4 h5 8. g5 Ne4 9. Nbd2 Nxd2 10. Qxd2 Re8 11. Ne5 Nxe5 12. dxe5 e6 13. O-O-O c5 14. e4 d4 15. cxd4 cxd4 16. Qxd4 Qa5 17. Kb1 b5 18. Rd3 b4 19. Rc1 Ba6 20. Rb3 Rab8 21.
Rc5 Qb6 22. Qd6 Bf8 23. Qxb6 Rxb6 24. Rc7 Rb7 25. Rxb7 Bxb7 26. a3 a5 27. axb4 axb4 28. Bd2 Rb8 29. f4 Ba6 30. Re3 Rd8 31. Kc2 Bc5 32. Re1 b3+ 33. Kc1 Bf2 34. Rd1 Be2 35. Rh1 Ra8 36. Ba5 Be3+ 37. Kb1 Bd3+ 38. Ka1 Rxa5# 0-1

[Event "Early-Titled-Tuesday-Blitz-October-24-2023"]
[Site "Chess.com"]
[Date "2023.10.24"]
[Round "7"]
[White "tusplingher"]
[Black "DKmirl"]
[Result "1-0"]
[WhiteElo "2496"]
[BlackElo "2289"]
[TimeControl "180+1"]
[EndTime "9:14:22 PDT"]
[Termination "tusplingher won on time"]

1. e4 c5 2. b3 Nc6 3. Bb2 d6 4. Bb5 Bd7 5. f4 Nf6 6. Bxc6 Bxc6 7. d3 e6 8. Nf3 Be7 9. Nbd2 O-O 10. O-O b5 11.
Qe1 a5 12. Qg3 a4 13. e5 Ne8 14. exd6 Qxd6 15. Ne4 Bxe4 16. dxe4 Qc6 17. Rae1 axb3 18. axb3 Ra2 19. Ba1 Rxc2 20. Ne5 Qc7 21. Rd1 Nf6 22. Nd7 Nh5 23. Qg4 Rd8 24. Qxh5 Rxd7 25. Rxd7 Qxd7 26.
Qe5 Bf6 27. Qb8+ Qd8 28. Qxd8+ Bxd8 29. Rb1 Bb6 30. Kh1 Kf8 31. h3 Ke7 32. Bxg7 f6 33. e5 f5 34. Bf6+ Kf7 35. Rd1 Rb2 36. Rd7+ Kf8 37.
Rb7 Rxb3 38. Rxb6 c4 39. Rb8+ Kf7 40. Rb7+ Kf8 41. Be7+ Ke8 42. Bd6 Rb1+ 43. Kh2 c3 44. Rc7 b4 45. Rc4 1-0

[Event "Early-Titled-Tuesday-Blitz-October-24-2023"]
[Site "Chess.com"]
[Date "2023.10.24"]
[Round "7"]
[White "NowInChess"]
[Black "howitzer14"]
[Result "0-1"]
[WhiteElo "2226"]
[BlackElo "2927"]
[TimeControl "180+1"]
[EndTime "9:14:24 PDT"]
[Termination "howitzer14 won on time"]

1. e4 c5 2. d3 Nc6 3. g3 d5 4.
Nd2 e5 5. Bg2 Nge7 6. Ngf3 g6 7.
O-O Bg7 8. exd5 Nxd5 9. Re1 O-O 10. Nc4 Re8 11. a4 Nb6 12. Nxb6 axb6 13. c3 Bf5 14. Bf1 Qc7 15. Nh4 Be6 16. Qc2 Rad8 17. Bg5 Rd6 18. f4 Qd7 19. fxe5 Nxe5 20. Rad1 Bd5 21.
Bf4 Rde6 22. Bxe5 Bxe5 23. Qd2 Qxa4 24. Ra1 Bd4+ 25. Re3 Rxe3 0-1

[Event "Early-Titled-Tuesday-Blitz-October-24-2023"]
[Site "Chess.com"]
[Date "2023.10.24"]
[Round "7"]
[White "Savagelittlemole"]
[Black "RETURNOFTHELAGGER"]
[Result "0-1"]
[WhiteElo "2523"]
[BlackElo "2675"]
[TimeControl "180+1"]
[EndTime "9:14:25 PDT"]
[Termination "RETURNOFTHELAGGER won by resignation"]

1. e4 c5 2. Ne2 d6 3. g3 h5 4. h3 e5 5. Bg2 Nc6 6. d3 f5 7. exf5 Bxf5 8. Nbc3 Qd7 9. Bg5 Be7 10.
Qd2 O-O-O 11. O-O-O Kb8 12. Kb1 Bxg5 13. Qxg5 Nf6 14. f4 Nh7 15. Qh4 exf4 16. Qxf4 g6 17. Nd5 Rhe8 18. Rde1 Re5 19. d4 cxd4 20. Nxd4 Rde8 21.
Nxc6+ Qxc6 22. Rd1 Bxc2+ 23. Ka1 Bxd1 24. Rxd1 Re1 25.
Qd2 R1e2 26. Ne7 Rxd2 27. Nxc6+ bxc6 0-1

[Event "Early-Titled-Tuesday-Blitz-October-24-2023"]
[Site "Chess.com"]
[Date "2023.10.24"]
[Round "7"]
[White "Juicy_Fork"]
[Black "rikchessmx"]
[Result "1-0"]
[WhiteElo "2452"]
[BlackElo "2278"]
[TimeControl "180+1"]
[EndTime "9:14:26 PDT"]
[Termination "Juicy_Fork won by resignation"]

1. e4 e5 2. Nf3 Nc6 3. Bb5 Bc5 4. O-O Qf6 5. c3 Nge7 6. Re1 O-O 7. d4 exd4 8. e5 Qg6 9. cxd4 Bb6 10. d5 Nb8 11. Bg5 f6 12. exf6 gxf6 13. Rxe7 fxg5 14. Bd3 Qf6 15. Qd2 h6 16. Re2 d6 17. h3 Nd7 18.
Re6 Qg7 19. Rg6 Qxg6 20. Bxg6 Nc5 21. Nxg5 Rxf2 22. Bh7+ Kg7 23. Qc3+ Rf6 24. Kh2 hxg5 25. Nd2 Nd7 26. Rf1 Ne5 27. Rxf6 Kxf6 28. Ne4+ Kg7 29.
Qg3 Kxh7 30. Qxg5 Ng6 31. Nf6+ Kg7 32. Nh5+ Kh7 33. Qf6 Kh6 34. Nf4 Bf5 35. Qxf5 Nxf4 36.
Qxf4+ Kg6 37. h4 Rh8 38. Qg5+ Kf7 39. h5 Rg8 40. Qf5+ Ke7 41. g4 Bd4 42. h6 Be5+ 43.
Kg2 Rf8 44. Qe6+ Kd8 45. g5 Re8 46. Qf7 Re7 47. Qf5 Ke8 48. g6 1-0

[Event "Early-Titled-Tuesday-Blitz-October-24-2023"]
[Site "Chess.com"]
[Date "2023.10.24"]
[Round "7"]
[White "Alexchess1984"]
[Black "lilleper1"]
[Result "0-1"]
[WhiteElo "2704"]
[BlackElo "2883"]
[TimeControl "180+1"]
[EndTime "9:14:28 PDT"]
[Termination "lilleper1 won by resignation"]

1. e4 c5 2. c3 Nf6 3. e5 Nd5 4. Bc4 e6 5. Nf3 d6 6. d4 cxd4 7. cxd4 Be7 8. O-O O-O 9. Qe2 Bd7 10. Rd1 Bc6 11. Bd2 Nd7 12. Nc3 Nxc3 13. Bxc3 dxe5 14.
dxe5 Qc7 15. Nd4 Nb6 16. Nxc6 bxc6 17. Rac1 Nd5 18. Bxd5 cxd5 19. Bb4 Qb7 20. Bxe7 Qxe7 21. Rc3 a5 22. Rdc1 a4 23. Qg4 g6 24. Rc7 Qd8 25. h4 h5 26. Qf4 Rb8 27. Qxa4 Rxb2 28. Rd7 Rxa2 29. Qc6 Qxh4 30. g3 Qd4 31. Rf1 Qxe5 0-1

[Event "Early-Titled-Tuesday-Blitz-October-24-2023"]
[Site "Chess.com"]
[Date "2023.10.24"]
[Round "7"]
[White "SergioMoralesG"]
[Black "GMJustin"]
[Result "1-0"]
[WhiteElo "2402"]
[BlackElo "2218"]
[TimeControl "180+1"]
[EndTime "9:14:29 PDT"]
[Termination "SergioMoralesG won on time"]

1. d4 Nf6 2. c4 e6 3. Nf3 c5 4. d5 d6 5. Nc3 exd5 6. cxd5 g6 7. h3 Bg7 8. Bf4 O-O 9. e3 Na6 10. Bd3 Nc7 11. Bc4 b5 12. Bb3 c4 13. Bc2 b4 14. Ne4 Nfxd5 15. Bxd6 Re8 16. Bxc7 Nxc7 17. Nd6 Bxb2 18. Nxe8 Bc3+ 19. Kf1 Qxe8 20. Rb1 Bb7 21. Kg1 Rd8 22. Qe2 a5 23. Qxc4 Bxf3 24. gxf3 Ne6 25. Kg2 Qe7 26. h4 Rd2 27. Bb3 Qd6 28. Rhd1 1-0

[Event "Early-Titled-Tuesday-Blitz-October-24-2023"]
[Site "Chess.com"]
[Date "2023.10.24"]
[Round "7"]
[White "laiciffOneslraCsungaM"]
[Black "RNG2200"]
[Result "1-0"]
[WhiteElo "2331"]
[BlackElo "2147"]
[TimeControl "180+1"]
[EndTime "9:14:29 PDT"]
[Termination "laiciffOneslraCsungaM won on time"]

1. d4 d5 2. Bf4 c6 3. e3 Bf5 4.
Nf3 e6 5. Be2 Nf6 6. h3 h6 7. O-O Nbd7 8. c4 Ne4 9. Nc3 Be7 10.
c5 Bf6 11. Nxe4 Bxe4 12. Nd2 Bg6 13. Nf3 O-O 14. b4 Re8 15. b5 Bh5 16. Qa4 Bxf3 17. Bxf3 Qc8 18. Bg3 e5 19. Rfc1 exd4 20. exd4 Nf8 21.
Rab1 Ne6 22. Rd1 Qd7 23. Bg4 cxb5 24. Qxb5 Qxb5 25. Rxb5 Nxd4 26. Rxb7 Ne2+ 27. Kh2 Nxg3 28. fxg3 d4 29. c6 Be5 30. c7 h5 31. Bd7 Rf8 32. h4 1-0

[Event "Early-Titled-Tuesday-Blitz-October-24-2023"]
[Site "Chess.com"]
[Date "2023.10.24"]
[Round "7"]
[White "alexrustemov"]
[Black "Aslanov_Umid"]
[Result "1-0"]
[WhiteElo "2777"]
[BlackElo "2579"]
[TimeControl "180+1"]
[EndTime "9:14:30 PDT"]
[Termination "alexrustemov won by resignation"]

1. d4 d5 2. c4 e6 3. Nc3 Be7 4. Nf3 Nf6 5. Bg5 h6 6. Bxf6 Bxf6 7. e3 O-O 8. Rc1 c6 9. Bd3 Nd7 10. O-O Re8 11. Qc2 dxc4 12. Bxc4 e5 13. Rfd1 exd4 14. Nxd4 Bxd4 15. Rxd4 Rf8 16. Rcd1 Qe7 17. h3 Nf6 18. Qd2 Be6 19. Bxe6 Qxe6 20. a3 Qe5 21. Qd3 Rfe8 22. Rd6 Re7 23. Qd4 Rae8 24. Qxa7 Nd5 25. Qc5 Nxc3 26.
Qxc3 Qxc3 27. bxc3 Re5 28. Rd7 Rc5 29. Rxb7 Rxc3 30.
Rdd7 Rf8 31. a4 Ra3 32. Ra7 Ra1+ 33. Kh2 Ra2 34. Kg3 g5 35. Rdc7 Rc2 36. Ra6 Kg7 37. Raxc6 Rxc6 38. Rxc6 Ra8 39. Rc4 f5 40. Kf3 Kf6 41.
g4 fxg4+ 42. hxg4 Ke5 43. Rc6 Rxa4 44. Rxh6 Ra2 45. Rg6 Ra1 46. Rxg5+ Kf6 47. Rf5+ Kg6 1-0

[Event "Early-Titled-Tuesday-Blitz-October-24-2023"]
[Site "Chess.com"]
[Date "2023.10.24"]
[Round "7"]
[White "Verony64"]
[Black "McCarthyStone"]
[Result "0-1"]
[WhiteElo "2177"]
[BlackElo "2317"]
[TimeControl "180+1"]
[EndTime "9:14:30 PDT"]
[Termination "McCarthyStone won on time"]

1. e4 e5 2. Nc3 d6 3. g3 g6 4. Bg2 Bg7 5. d3 Ne7 6. f4 O-O 7. Nf3 Nbc6 8. h3 Rb8 9. Be3 b5 10. O-O b4 11. Ne2 exf4 12. gxf4 Bxb2 13. Rb1 Bg7 14.
d4 Ba6 15. Rf2 Na5 16. Ng3 Nc4 17. Bc1 c5 18. d5 Qa5 19. f5 Qxa2 20. Bf4 Rfe8 21.
Bf1 Nb2 22. Rxb2 Bxb2 23. Bxd6 Bxf1 24. Rxf1 Rbd8 25. Bxc5 Nxd5 26. Qe2 Bg7 27. Qf2 Nf4 28. Kh2 Qc4 29. Ng5 Rc8 30. Qxf4 Qxc5 31. Nxf7 Kxf7 32. fxg6+ Kg8 33. gxh7+ Kh8 34. Nf5 Be5 35. Kh1 Bxf4 36. Rxf4 Rxe4 37. Rxe4 Qxf5 0-1

[Event "Early-Titled-Tuesday-Blitz-October-24-2023"]
[Site "Chess.com"]
[Date "2023.10.24"]
[Round "7"]
[White "Boundless_Strike"]
[Black "ContrVersia"]
[Result "1-0"]
[WhiteElo "2637"]
[BlackElo "2884"]
[TimeControl "180+1"]
[EndTime "9:14:32 PDT"]
[Termination "Boundless_Strike won by resignation"]

1. d4 Nf6 2. f3 d5 3. e4 dxe4 4. Nc3 exf3 5. Nxf3 Bg4 6. h3 Bxf3 7. Qxf3 c6 8. g4 e6 9. g5 Nd5 10. Bd3 Be7 11. h4 Nb4 12. Be4 Qxd4 13. Be3 Qe5 14. O-O-O Qa5 15. Rhf1 O-O 16. Qh5 g6 17. Qh6 Bc5 18.
Bxc5 Qxc5 19. h5 Nxa2+ 20. Nxa2 Qe3+ 21. Rd2 Qxe4 22. Nc3 Qc4 23. Rh1 gxh5 24. Qxh5 Re8 25. Qxh7+ Kf8 26. Qh8+ Ke7 27. Qf6+ 1-0

[Event "Early-Titled-Tuesday-Blitz-October-24-2023"]
[Site "Chess.com"]
[Date "2023.10.24"]
[Round "7"]
[White "kingapolak"]
[Black "AsaHoffmann"]
[Result "1-0"]
[WhiteElo "2161"]
[BlackElo "2370"]
[TimeControl "180+1"]
[EndTime "9:14:32 PDT"]
[Termination "kingapolak won by resignation"]

1. e4 d6 2. Nf3 Bg4 3. d3 c6 4. g3 Nf6 5. Bg2 e5 6. h3 Bh5 7.
g4 Bg6 8. Nbd2 Be7 9. Nf1 Nbd7 10. Ng3 d5 11. Qe2 O-O 12. Nf5 Bxf5 13. gxf5 dxe4 14.
dxe4 Nc5 15. Nxe5 Qd4 16. Bf4 Qxb2 17. O-O Rfd8 18. Qc4 Rf8 19. Rab1 Qa3 20. Rfd1 Rab8 21. Kh2 Qa6 22. Qxa6 Nxa6 23. Nd7 Nxd7 24. Rxd7 Rbe8 25. Rdxb7 Nc5 26. Rxa7 Nxe4 27. Bxe4 Bc5 28. Ra4 Bxf2 29. Kg2 Ba7 30. Bd6 h6 31. Bxf8 Kxf8 32. Rxa7 Rxe4 33. Rb8+ Re8 34. Rxe8+ Kxe8 35. Kf3 c5 36. Ke4 1-0

[Event "Early-Titled-Tuesday-Blitz-October-24-2023"]
[Site "Chess.com"]
[Date "2023.10.24"]
[Round "7"]
[White "Magila31"]
[Black "ukchessbomber"]
[Result "1/2-1/2"]
[WhiteElo "2406"]
[BlackElo "2654"]
[TimeControl "180+1"]
[EndTime "9:14:35 PDT"]
[Termination "Game drawn by repetition"]

1. Nf3 a6 2. g3 b6 3. Bg2 Bb7 4. O-O e6 5. c4 Nf6 6. Nc3 g6 7. d4 Bg7 8. Qc2 O-O 9. e4 d6 10. Rd1 Nbd7 11. e5 dxe5 12. Nxe5 Bxg2 13. Kxg2 Qc8 14.
Qe2 Nxe5 15. dxe5 Nd7 16. f4 Rd8 17. Be3 Bf8 18. Qf3 b5 19. cxb5 axb5 20. Nxb5 Rb8 21. Qc6 Nb6 22. Bxb6 Rxd1 23. Rxd1 Rxb6 24. Qxc7 Qa8+ 25.
Kh3 Rxb5 26. Rd8 Qf3 27. Rxf8+ Kxf8 28. Qd8+ Kg7 29. Qf6+ Kh6 30. Qg5+ Kg7 31. Qf6+ Kg8 32. Qd8+ Kg7 33. Qf6+ 1/2-1/2